 Dungeon Crawl Stone Soup version 0.24.0-13-gcf9b319 (webtiles) character file.

Game seed: 18412684748817313843, levelgen mode: deterministic

253 Bronimir the Stinger (level 6, -3/43 HPs)
             Began as a Formicid Venom Mage on Mar 30, 2020.
             Slain by an orc
             ... wielding a +0 trident
              (8 damage)
             ... on level 4 of the Dungeon.
             The game lasted 00:10:22 (4586 turns).

Bronimir the Stinger (Formicid Venom Mage)          Turns: 4586, Time: 00:10:24

Health: -3/43      AC:  2    Str: 14    XL:     6   Next: 37%
Magic:  2/10       EV: 12    Int: 15    God:
Gold:   149        SH:  0    Dex: 11    Spells: 4/10 levels left

rFire    . . .     SeeInvis +   a - +0 mace
rCold    . . .     Gourm    .   (no shield)
rNeg     . . .     Faith    .   n - +0 robe
rPois    .         Spirit   .   (helmet unavailable)
rElec    .         Reflect  .   (no cloak)
rCorr    .         Harm     .   (no gloves)
MR       .....                  (no boots)
Stlth    ++........             (no amulet)
HPRegen  0.14/turn              (no ring)
MPRegen  0.12/turn              (no ring)

@: no status effects
A: permanent stasis, dig shafts and tunnels, four strong arms, antennae 3
a: Dig, Shaft Self


You were on level 4 of the Dungeon.
You were not hungry.

You visited 1 branch of the dungeon, and saw 4 of its levels.

You collected 149 gold pieces.

Inventory:

Hand Weapons
 a - a +0 mace (weapon)
 b - a +0 hunting sling
 j - a +0 club
Missiles
 d - 31 sling bullets
 k - 7 boomerangs
 l - 22 arrows
 m - 110 stones
 t - 6 poisoned darts (quivered)
Armour
 n - a +0 robe (worn)
Jewellery
 y - a cursed amulet of faith {unknown}
Scrolls
 e - 4 scrolls of identify {unknown}
 g - a scroll of fear {unknown}
 o - 2 scrolls of blinking {unknown}
 p - 2 scrolls of enchant armour {unknown}
 q - 2 scrolls of teleportation {unknown}
 r - a scroll of amnesia {unknown}
Potions
 f - a potion of mutation {unknown}
 h - 3 potions of curing
 i - 3 potions of resistance {unknown}
 s - a potion of flight {unknown}
 u - a potion of might {unknown}
 v - a potion of berserk rage {unknown}
 w - a potion of lignification {unknown}
Comestibles
 c - 7 rations
 x - 3 chunks of flesh


   Skills:
 + Level 1.1 Fighting
 + Level 0.8 Maces & Flails
 + Level 1.7(1.8) Slings
 + Level 0.4(1.1) Throwing
 * Level 2.3 Armour
 + Level 2.0 Dodging
 - Level 2.4 Stealth
 + Level 0.1 Unarmed Combat
 + Level 2.9 Spellcasting
 * Level 2.5 Conjurations
 * Level 5.4 Poison Magic


You had 4 spell levels left.
You knew the following spells:

 Your Spells              Type           Power        Failure   Level  Hunger
a - Sting                 Conj/Pois      ##..         3%          1    #......
b - Poisonous Vapours     Pois/Air       ##....       10%         2    ##.....
c - Mephitic Cloud        Conj/Pois/Air  ##......     21%         3    ###....

Your spell library contained the following spells:

 Spells                   Type           Power        Failure   Level  Hunger
 Olgreb's Toxic Radiance  Pois           ###.....     22%         4    #####..
 Venom Bolt               Conj/Pois      ##........   71%         5    ######.


Dungeon Overview and Level Annotations

Branches:
Dungeon (4/15)
 Temple: D:4-7

Altars:
Fedhas
Makhleb
Sif Muna
Wu Jian


Innate Abilities, Weirdness & Mutations

You cannot be hasted, slowed, berserked, paralysed or teleported.
You can dig through walls and to a lower floor.
Your four strong arms can wield two-handed weapons with a shield.
You have a pair of large antennae on your head. (SInv)


Message History

Okay, then.
Casting: Poisonous Vapours (safe; 10% risk of failure)
Confirm with . or Enter, or press ? or * to list all spells.
Aiming: Sting (safe; 3% risk of failure)
Press: ? - help, Shift-Dir - straight line, f - dart slug
Aim: a dart slug (clinging)
The sting hits the dart slug.
The dart slug is severely wounded.
The orc hits you from afar with a +0 trident.
* * * LOW HITPOINT WARNING * * *
The dart slug bites you.
* * * LOW HITPOINT WARNING * * *
You feel better. The orc barely misses you.
You hit the dart slug but do no damage.
The dart slug is severely wounded.
The dart slug launches a dart at you. The slug dart hits you!
* * * LOW HITPOINT WARNING * * *
The orc hits you from afar with a +0 trident!
You die...

#..( #.... ....... #.....
#....#.# #......
#.#.#.#### ##......o
##.{...##@## #........
#......###w## #........
#......####o####o{.....♣
##..........#w..'o.w.....
#.............#?†w.......
#.###....###.###.......♣
.########....##
##.##........
.............#
.##........ .#####.######
<###.......


You could see a worm, a dart slug and an orc.

Vanquished Creatures
  An orc priest (D:3)
  An orc wizard (D:3)
  Terence (D:3)
  6 adders
  3 oozes
  A worm (D:2)
  5 dart slugs
  6 leopard geckos
  5 orcs
  2 ball pythons
  5 bats
  3 giant cockroaches
  9 goblins
  11 hobgoblins
  3 frilled lizards
  11 kobolds
  13 rats
86 creatures vanquished.

Vanquished Creatures (others)
  A plant (D:2)
1 creature vanquished.

Grand Total: 87 creatures vanquished

Notes
Turn   | Place    | Note
-------+----------+-------------------------------------------
     0 | D:1      | Bronimir the Formicid Venom Mage began the quest for the
                  | Orb.
     0 | D:1      | Reached XP level 1. HP: 13/13 MP: 3/3
    91 | D:1      | Reached skill level 1 in Conjurations
   107 | D:1      | Reached XP level 2. HP: 3/19 MP: 0/5
   397 | D:1      | Learned a level 2 spell: Poisonous Vapours
   910 | D:1      | Reached XP level 3. HP: 24/24 MP: 3/6
   984 | D:1      | Reached skill level 1 in Armour
  1785 | D:1      | Learned a level 3 spell: Mephitic Cloud
  1794 | D:1      | Reached XP level 4. HP: 30/30 MP: 4/7
  1917 | D:2      | Reached skill level 5 in Poison Magic
  2123 | D:2      | Found a blossoming altar of Fedhas.
  2489 | D:2      | Found a shimmering blue altar of Sif Muna.
  2495 | D:2      | Found an ornate altar of the Wu Jian Council.
  3101 | D:3      | Reached XP level 5. HP: 30/35 MP: 8/8
  3123 | D:3      | HP: 1/35 [orc wizard/+0 dagger (2)]
  3124 | D:3      | Reached skill level 1 in Slings
  3737 | D:3      | Reached skill level 1 in Fighting
  3798 | D:3      | Noticed Terence
  3810 | D:3      | Killed Terence
  3810 | D:3      | Reached XP level 6. HP: 31/43 MP: 3/10
  4515 | D:4      | Found a burning altar of Makhleb.
  4586 | D:4      | Slain by an orc

Levels and vault maps discovered:
D:1:      minmay_arrival_open_corners, layout_basic
D:2:      layout_basic, minitemple, marbit_many_paths, minmay_misc_feat_cross,
          lexackson_kobold_supper
D:3:      cheibrodos_helix_gallery, layout_loops_corners, uniq_terence
D:4:      kennysheep_big_flooded_room, layout_loops_ring, lemuel_doored_altar,
          nicolae_overflow_crystal_walls, minmay_ruined_shrine

Skill      XL: |  1  2  3  4  5  6 |
---------------+-------------------+-----
Conjurations   | 1 2 |  2.5
Armour         | 1 2 |  2.3
Poison Magic   | 5 |  5.4
Slings         | 1 |  1.7
Fighting       | 1 |  1.1
Dodging        | 2 |  2.0
Maces & Flails | |  0.8
Throwing       | |  0.4
Stealth        | |  2.4
Unarmed Combat | |  0.1
Spellcasting   | |  2.9

Action                   |  1- 3 |  4- 6 || total
-------------------------+-------+-------++-------
Melee: Unarmed           |    30 |       ||    30
       Mace              |       |    72 ||    72
       Club              |       |     1 ||     1
 Fire: Hunting sling     |       |    47 ||    47
Throw: Boomerang         |       |     6 ||     6
       Dart              |       |    17 ||    17
 Cast: Sting             |    17 |    16 ||    33
       Poisonous Vapours |    23 |    15 ||    38
       Mephitic Cloud    |       |     2 ||     2
 Abil: Dig               |       |     1 ||     1
  Use: Potion            |       |     2 ||     2
 Stab: Sleeping          |       |     4 ||     4
  Eat: Chunk             |     5 |    10 ||    15
Armor: Robe              |     7 |    10 ||    17
Dodge: Dodged            |    25 |   104 ||   129
